 Dungeon Crawl Stone Soup version 0.31-a0-1611-g890cdf5628 (webtiles) character file.

Game seed: 6364630008737472585

2648 javelincjr the Ducker (level 9, -1/58 HPs)
             Began as a Djinni Hedge Wizard on Jan 8, 2024.
             Was a Priest of Hepliaklqana.
             Slain by an orc warlord
             ... wielding a +6 broad axe
              (17 damage)
             ... in a bailey.
             The game lasted 00:30:40 (7362 turns).

javelincjr the Ducker (Djinni Hedge Wizard)         Turns: 7362, Time: 00:30:40

Health: -1/58      AC:  6    Str:  9    XL:     9   Next: 93%
Gold:   278        EV: 14    Int: 22    God:    Hepliaklqana [***...] SH:  0 Dex: 14

rFire   + + .        g - +7 Throatcutter {drain, coup de grace}
rCold   x . .        (no shield)
rNeg    . . .        b - +0 robe
rPois   ∞            q - +2 helmet {Int+3}
rElec   .            (no cloak)
rCorr   .            z - +0 pair of gloves
SInv    +            (boots unavailable)
Will    .....        (no amulet)
Stlth   ++           v - ring of see invisible
HPRegen 0.29/turn    (no ring)
MPRegen 0.00/turn

%: infuse magic (-2 HP)
@: flying
A: reduced essence, sickness immunity, fire resistance 2, cold vulnerability 1,
float, innate caster, HP casting, extra vitality 1
a: Renounce Religion, Recall Ancestor, Ancestor Identity, Transference


You were in a bailey.
You worshipped Hepliaklqana.
Hepliaklqana was most pleased with you.
You visited 1 branch of the dungeon, and saw 7 of its levels.
You also visited: Bailey.

You collected 278 gold pieces.

Inventory:

Hand Weapons
 a - a +0 dagger
 g - the +7 Throatcutter (weapon) {drain, coup de grace}
   (You took it off Terence on level 3 of the Dungeon)
 i - a +0 vampiric whip
 j - a +2 short sword of flaming
 n - the +2 falchion of Noon {freeze, +Blink rPois rC+ rCorr}
   (You found it on level 3 of the Dungeon)

   rC+:       It protects you from cold.
   rPois:     It protects you from poison +Blink: It lets you blink.
   rCorr:     It protects you from acid and corrosion.
 o - the +1 mace "Vawaro" {elec, rPois Int+3}
   (You found it on level 5 of the Dungeon)

   Int+3:     It affects your intelligence (+3).
   rPois:     It protects you from poison
Missiles
 e - 9 poisoned darts
Armour
 b - a +0 robe (worn)
 c - a +0 hat
 q - a +2 helmet of intelligence (worn)
 z - a +0 pair of gloves (worn)
Magical Staves
 B - a staff of conjuration
Jewellery
 v - a ring of see invisible (left hand)
Talismans
 y - a dragon-blood talisman
Wands
 x - a wand of iceblast (5)
 A - a wand of mindburst (10)
 D - a wand of charming (15)
Scrolls
 l - 5 scrolls of teleportation
 p - 3 scrolls of noise
 s - a scroll of amnesia
 t - 2 scrolls of silence
 w - a scroll of revelation
 E - a scroll of identify
 F - a scroll of blinking {unknown}
 G - a scroll of fear {unknown}
Potions
 d - 2 potions of heal wounds
 f - a potion of degeneration
 h - 2 potions of curing
 k - a potion of brilliance {unknown}
 m - 3 potions of haste
 r - a potion of lignification {unknown}
 u - a potion of attraction {unknown}
 C - a potion of magic {unknown}
 H - a potion of mutation {unknown}
 I - a potion of cancellation {unknown}
 J - a potion of resistance {unknown}
 K - a potion of might {unknown}
 L - a potion of experience


   Skills:
 + Level 5.2 Fighting
 + Level 3.5 Short Blades
 + Level 3.9 Armour
 + Level 6.3 Dodging
 - Level 1.6 Stealth
 * Level 6.3 Spellcasting
 * Level 6.3 Conjurations
 * Level 6.3 Hexes
   Level 0.0 Charms
 * Level 6.3 Summonings
 * Level 6.3 Necromancy
 * Level 6.3 Translocations
   Level 0.0 Transmutations
 * Level 6.3 Fire Magic
 * Level 6.3 Ice Magic
 * Level 6.3 Air Magic
 * Level 6.3 Earth Magic
 * Level 6.3 Alchemy
 + Level 3.9 Invocations


You knew the following spells:

 Your Spells              Type           Power      Damage    Failure   Level
a - Magic Dart            Conj           100%       1d8       1%          1
b - Slow                  Hex            100%       N/A       1%          1
c - Blink                 Tloc           68%        N/A       1%          2
d - Call Imp              Summ           68%        N/A       1%          2
e - Mephitic Cloud        Conj/Alch/Air  34%        N/A       1%          3
f - Necrotise             Necr           100%       1d9       1%          1
g - Jinxbite              Hex            68%        N/A       1%          2
h - Ozocubu's Armour      Ice            34%        N/A       1%          3
i - Volatile Blastmotes   Fire/Tloc      68%        2d15      1%          3
Your spell library was empty.

Dungeon Overview and Level Annotations

Branches:
Dungeon (7/15)             Temple (0/1) D:7          Bailey (1/1)

Altars:
Fedhas
Gozag
Hepliaklqana
Makhleb
Trog

Shops:
D:4 ((*


Innate Abilities, Weirdness & Mutations

Your life essence is reduced to manifest your ancestor. (-10% HP)
You are immune to sickness and miasma.
You are immune to poison.
Your flesh is very heat resistant. (rF++)
You are vulnerable to cold. (rC-)
You float through the air rather than walking.
You learn spells naturally, not from books.
Your magical power is your life essence.
You have superior vitality. (+4 MHP)


Message History

Press: ? - help, Shift-Dir - straight line, f/p - orc warlord
Aim: an orc warlord, wielding a +6 broad axe and wearing a +0 chain mail (heavily wounded, chance to affect: 29%)
The ball explodes into a vile cloud!
The stinking cloud engulfs the orc warlord.
The orc warlord is heavily wounded.
The orc warlord is engulfed in noxious fumes.
Casting: Mephitic Cloud (safe; 1% risk of failure)
Confirm with . or Enter, or press ? or * to list all spells.
Aiming: Mephitic Cloud (safe; 1% risk of failure)
Press: ? - help, Shift-Dir - straight line, f/p - orc warlord
Aim: an orc warlord, wielding a +6 broad axe and wearing a +0 chain mail (heavily wounded, chance to affect: 29%)
The ball explodes into a vile cloud!
The stinking cloud engulfs the orc warlord.
The orc warlord is heavily wounded.
You feel ready to blink again.
The orc warlord is engulfed in noxious fumes.
The orc warlord appears confused.
Casting: Mephitic Cloud (safe; 1% risk of failure)
Confirm with . or Enter, or press ? or * to list all spells.
Aiming: Magic Dart (safe; 1% risk of failure)
Press: ? - help, Shift-Dir - straight line, f/p - orc warlord
Aim: an orc warlord, wielding a +6 broad axe and wearing a +0 chain mail (noxious fumes, heavily wounded, confused, 100% to hit)
The magic dart hits the orc warlord but does no damage.
The orc warlord is heavily wounded.
The orc warlord is engulfed in noxious fumes.
Casting: Magic Dart (safe; 1% risk of failure)
Confirm with . or Enter, or press ? or * to list all spells.
Aiming: Magic Dart (safe; 1% risk of failure)
Press: ? - help, Shift-Dir - straight line, f/p - orc warlord
Aim: an orc warlord, wielding a +6 broad axe and wearing a +0 chain mail (heavily wounded, confused, 100% to hit)
The magic dart hits the orc warlord but does no damage.
The orc warlord is heavily wounded.
The orc warlord hits you with a +6 broad axe!!
Ouch! That really hurt!
* * * LOW HITPOINT WARNING * * *
You hit the orc warlord.
The orc warlord is heavily wounded.
The orc warlord seems less confused.
The orc warlord hits you with a +6 broad axe!
You die...

~~~.#~.........~#.((~...♣♣
~~~.#~~.8...8.~~#.~~~...♣
###'###.......###(###..♣♣
#....#~.8...8.~#§§..##.♣
.....#~~~~~~~~~#§....##♣
.....####~~~####☼§....##
.8......#'''#.)§§§.8...#
................o......#
................@......#
.8..8.........).8..8..##
.......#######.......##
#.....## ##.....## ##...##
##.(.## ##### #####


You could see an orc warlord.

Vanquished Creatures
  A water moccasin (D:7)
  An orc warrior (D:6)
  A black bear (D:6)
  A phantom (D:5)
  2 scorpions
  2 killer bees (D:7)
  2 howler monkeys
  An orc priest (D:4)
  A jelly (D:5)
  2 bombardier beetles
  A gnoll bouda (D:4)
  5 hounds
  3 iguanas
  Jessica (D:2)
  Ijyb (D:5)
  Terence (D:3)
  Natasha (D:3)
  2 orc wizards
  6 gnolls
  6 adders
  2 shadow imps
  4 dart slugs
  2 ribbon worms
  19 orcs
  7 endoplasms
  4 giant cockroaches
  7 goblins
  10 hobgoblins
  7 kobolds
  5 quokkas
  5 ball pythons
  2 bats
  3 frilled lizards
  5 rats
123 creatures vanquished.

Vanquished Creatures (collateral kills)
  A steam dragon (D:7)
  A sky beast (D:6)
  An ice beast (D:5)
  3 orc warriors (Bailey)
  A bullfrog (D:6)
  A scorpion (D:5)
  3 killer bees (D:7)
  A howler monkey (D:7)
  4 orc priests
  Natasha (twice) (D:3)
  An orc wizard (D:5)
  2 gnolls (Bailey)
  5 adders
  2 ribbon worms (D:2)
  16 orcs
  3 goblins
  2 hobgoblins
  4 jackals (D:2)
  A quokka (D:3)
  A ball python (D:2)
  2 frilled lizards (D:3)
  10 kobolds
67 creatures vanquished.

Vanquished Creatures (others)
  A killer bee (D:7)
  2 battlemagi
  3 ancestors
6 creatures vanquished.

Grand Total: 196 creatures vanquished

Notes
Turn   | Place    | Note
-------+----------+-------------------------------------------
     0 | D:1      | javelincjr the Djinni Hedge Wizard began the quest for the
                  | Orb.
     0 | D:1      | javelincjr set off with the following spells memorised:
                  | Magic Dart, Slow, Blink, Call Imp, Mephitic Cloud.
     0 | D:1      | Reached XP level 1. HP: 15/15 MP: 0/0
    98 | D:1      | Reached XP level 2. HP: 10/21 MP: 0/0
   587 | D:1      | Reached XP level 3. HP: 18/26 MP: 0/0
   587 | D:1      | Learned a level 1 spell: Necrotise
   943 | D:1      | Reached skill level 1 in Fighting
  1352 | D:2      | Reached XP level 4. HP: 26/32 MP: 0/0
  1422 | D:2      | Found a faded altar of an unknown god.
  1433 | D:2      | Prayed at the altar of an unknown god.
  1433 | D:2      | Became a worshipper of Hepliaklqana the Forgotten
  1433 | D:2      | Reached * piety under Hepliaklqana
  1644 | D:2      | Noticed Jessica
  1657 | D:2      | Killed Jessica
  1658 | D:2      | Reached XP level 5. HP: 9/34 MP: 0/0
  1658 | D:2      | Learned a level 2 spell: Jinxbite
  2543 | D:3      | Reached XP level 6. HP: 35/40 MP: 0/0
  2798 | D:3      | Noticed Natasha
  2809 | D:3      | Killed Natasha
  3211 | D:3      | Noticed Natasha
  3216 | D:3      | Killed Natasha
  3217 | D:3      | Reached XP level 7. HP: 36/45 MP: 0/0
  3217 | D:3      | Learned a level 3 spell: Ozocubu's Armour
  3234 | D:3      | Noticed Natasha
  3241 | D:3      | Killed Natasha
  3333 | D:3      | Noticed Terence
  3344 | D:3      | Killed Terence
  3451 | D:3      | Identified the +2 falchion of Noon {freeze, +Blink rPois
                  | rC+ rCorr}
  3724 | D:4      | Found Wugh's General Store.
  3820 | D:4      | Reached ** piety under Hepliaklqana
  3821 | D:4      | Remembered your ancestor Gnaeus as a battlemage
  3837 | D:4      | Found Aceppim's Weapon Shoppe.
  4010 | D:4      | Found Tawul's Weapon Boutique.
  4030 | D:4      | Reached skill level 1 in Armour
  4030 | D:4      | Reached skill level 5 in Spellcasting
  4030 | D:4      | Reached skill level 5 in Conjurations
  4030 | D:4      | Reached skill level 5 in Hexes
  4030 | D:4      | Reached skill level 5 in Summonings
  4030 | D:4      | Reached skill level 5 in Necromancy
  4030 | D:4      | Reached skill level 5 in Translocations
  4030 | D:4      | Reached skill level 5 in Fire Magic
  4030 | D:4      | Reached skill level 5 in Ice Magic
  4030 | D:4      | Reached skill level 5 in Air Magic
  4030 | D:4      | Reached skill level 5 in Earth Magic
  4030 | D:4      | Reached skill level 5 in Alchemy
  4030 | D:4      | Reached skill level 1 in Invocations
  4069 | D:4      | Reached skill level 1 in Short Blades
  4506 | D:5      | Entered Level 5 of the Dungeon
  4523 | D:5      | Reached XP level 8. HP: 48/52 MP: 0/0
  4743 | D:5      | Reached skill level 5 in Dodging
  4926 | D:5      | Identified the +1 mace "Vawaro" {elec, rPois Int+3}
  5094 | D:5      | Noticed Ijyb
  5098 | D:5      | Killed Ijyb
  5620 | D:6      | Reached XP level 9. HP: 23/56 MP: 0/0
  5620 | D:6      | Learned a level 3 spell: Volatile Blastmotes
  5815 | D:6      | Reached *** piety under Hepliaklqana
  5930 | D:6      | Found a blossoming altar of Fedhas.
  5930 | D:6      | Found a burning altar of Makhleb.
  5930 | D:6      | Found a bloodstained altar of Trog.
  6267 | D:6      | Found an opulent altar of Gozag.
  6654 | D:7      | Found a staircase to the Ecumenical Temple.
  6706 | D:7      | Reached skill level 5 in Fighting
  6956 | D:7      | Found a flagged portal.
  6963 | Bailey   | Entered a bailey
  7036 | Bailey   | Noticed an orc warlord
  7138 | Bailey   | Found a runed translucent gate.
  7140 | Bailey   | Found a runed translucent gate.
  7148 | Bailey   | Found a runed translucent gate.
  7362 | Bailey   | Slain by an orc warlord

Illustrated notes

Levels and vault maps discovered:
D:1:      amcnicky_arrival_flooded_fountain, layout_basic
D:2:      layout_basic, shapermc_ecumenical_altar_pompeii, serial_bayou,
          serial_bayou_shore_b, serial_bayou_pond_b, serial_bayou_pond_a,
          serial_bayou_pond_a, corexii_hall_statues_deadend, uniq_jessica
D:3:      layout_basic, hangedman_decor_clover_reticule, uniq_natasha,
          uniq_terence
D:4:      layout_loops_ring, nicolae_overflow_hidden_temple, serial_shops,
          nicolae_diamond_shop, nicolae_shop_statue_plus, kennysheep_mini_moat
D:5:      minmay_razor_zed, layout_loops_corners, uniq_ijyb
D:6:      layout_basic, chequers_temple_overflow_statue_of_worship,
          grunt_gozag_breadcrumbs
D:7:      layout_cave_pools, led_sif_pool, kennysheep_little_box,
          minmay_temple_entry_wispy, enter_bailey_3
Bailey:   bailey_axe_bossmonster_kennysheep, bailey

Skill      XL: |  1  2  3  4  5  6  7  8  9 |
---------------+----------------------------+-----
Fighting       | 1 2 3 4 5 |  5.2
Dodging        | 3 4 5 6 |  6.3
Spellcasting   | 4 5 6 |  6.3
Conjurations   | 4 5 6 |  6.3
Hexes          | 4 5 6 |  6.3
Summonings     | 4 5 6 |  6.3
Necromancy     | 4 5 6 |  6.3
Translocations | 4 5 6 |  6.3
Fire Magic     | 4 5 6 |  6.3
Ice Magic      | 4 5 6 |  6.3
Air Magic      | 4 5 6 |  6.3
Earth Magic    | 4 5 6 |  6.3
Alchemy        | 4 5 6 |  6.3
Armour         | 1 2 3 |  3.9
Invocations    | 1 2 3 |  3.9
Short Blades   | 1 2 3 |  3.5
Stealth        | |  1.6

Action                     |  1- 3 |  4- 6 |  7- 9 || total
---------------------------+-------+-------+-------++-------
  Melee: Whip              |     4 |    37 |       ||    41
         Punch             |       |     1 |     1 ||     2
         Long sword        |       |       |    87 ||    87
   Cast: Magic Dart        |    85 |    49 |   131 ||   265
         Necrotise         |    14 |    17 |     2 ||    33
         Call Imp          |     2 |    13 |    12 ||    27
         Mephitic Cloud    |       |     1 |    10 ||    11
         Jinxbite          |       |     1 |       ||     1
         Blink             |       |       |     3 ||     3
         Ozocubu's Armour  |       |       |     2 ||     2
         Volatile Blastmot |       |       |     1 ||     1
 Invoke: Recall Ancestor   |       |     1 |       ||     1
         Ancestor Life: Ba |       |       |     1 ||     1
    Use: Scroll            |       |     4 |     7 ||    11
   Stab: Sleeping          |       |     2 |     1 ||     3
         Distracted        |       |     1 |     1 ||     2
         Confused          |       |       |     1 ||     1
 Armour: Robe              |     9 |    36 |    67 ||   112
  Dodge: Dodged            |    16 |    50 |    92 ||   158

Table legend: (Time is in decaauts)
 A = Elapsed time spent in this place.
 B = Non-inter-level travel time spent in this place.
 C = Inter-level travel time spent in this place.
 D = Time resting spent in this place.
 E = Time spent auto-exploring this place.
 F = Levels seen in this place.
 G = Mean time per level.
                   A        B        C        D        E       F      G
               +--------+--------+--------+--------+--------+-----+--------+
         Total |   7393 |   7108 |    285 |     28 |   5794 |   8 |  924.1 |
       Dungeon |   6989 |   6704 |    285 |     28 |   5656 |   7 |  998.4 |
        Bailey |    403 |    403 |      0 |      0 |    138 |   1 |  403.0 |
               +--------+--------+--------+--------+--------+-----+--------+

Top non-repeatable levels by time:
     D:3: 1358 daAuts
     D:1: 1115 daAuts
     D:2: 1103 daAuts
     D:6: 1055 daAuts
     D:5: 1013 daAuts
     D:4: 940 daAuts
  Bailey: 403 daAuts
     D:7: 402 daAuts
